 Dungeon Crawl Stone Soup version 0.25-a0-589-g1e14c549ee (webtiles) character file.

Game seed: 14892979126868625972, levelgen mode: deterministic

32 Esekla the Charlatan (level 3, 0/17 HPs)
             Began as a Spriggan Artificer on Mar 12, 2020.
             Slain by a quokka (3 damage)
             ... on level 2 of the Dungeon.
             The game lasted 00:04:44 (978 turns).

Esekla the Charlatan (Spriggan Artificer)            Turns: 978, Time: 00:04:45

Health: 0/17       AC:  2    Str:  8    XL:     3   Next: 10%
Magic:  7/7        EV: 18    Int: 13    God:
Gold:   72         SH:  0    Dex: 16    Spells: 2/2 levels left

rFire    . . .     SeeInvis +   m - -2 dagger (curse)
rCold    . . .     Gourm    .   (shield restricted)
rNeg     . . .     Faith    .   b - +0 robe
rPois    .         Spirit   .   (helmet restricted)
rElec    .         Reflect  .   (no cloak)
rCorr    .         Harm     .   (gloves unavailable)
MR       .....                  (boots unavailable)
Stlth    ++........             (no amulet)
HPRegen  0.05/turn              (no ring)
MPRegen  0.10/turn              (no ring)

@: very quick
A: very small, unfitting armour, see invisible, herbivore, speed 3, slow
metabolism 2
a: no special abilities


You were on level 2 of the Dungeon.
You were not hungry.

You visited 1 branch of the dungeon, and saw 2 of its levels.

You collected 72 gold pieces.

Inventory:

Hand Weapons
 a - a +1 short sword
 m - a cursed -2 dagger (weapon)
Armour
 b - a +0 robe (worn)
 k - a +0 leather armour
Wands
 c - a wand of flame (15)
 d - a wand of enslavement (15)
 e - a wand of random effects (15)
Potions
 g - a potion of stabbing
 j - a potion of curing {unknown}
 l - a potion of degeneration {unknown}
Comestibles
 f - 2 rations


   Skills:
 + Level 0.7 Fighting
 + Level 1.5 Short Blades
 + Level 3.2 Dodging
 + Level 1.7 Stealth
 + Level 5.3 Evocations


You had 2 spell levels left.
You didn't know any spells.
Your spell library was empty.

Dungeon Overview and Level Annotations

Branches:
Dungeon (2/15)

Altars:
Yredelemnul


Innate Abilities, Weirdness & Mutations

You are very small and have problems with some larger weapons.
You are too small for most types of armour.
You have supernaturally acute eyesight. (SInv)
You are a herbivore.
You cover ground extremely quickly.
You need to consume almost no food.


Message History

You barely miss the quokka.
The quokka is heavily wounded.
The quokka barely misses you.
You barely miss the quokka.
The quokka is heavily wounded.
The quokka bites you but does no damage.
You miss the quokka.
The quokka is heavily wounded.
The quokka bites you. x2
* * * LOW HITPOINT WARNING * * *
You hit the quokka but do no damage.
The quokka is heavily wounded.
The quokka misses you.
You barely miss the quokka.
The quokka is heavily wounded.
The quokka barely misses you.
You hit the quokka but do no damage.
The quokka is heavily wounded.
The quokka bites you.
You die...

###.....#
#.'.<...#
#.#.....#
#.#.....#
#....####
####.#
#.# #.#
####@#
#..r.#
#.#### #


You could see a quokka.

Vanquished Creatures
  An ooze (D:1)
  2 dart slugs (D:1)
  3 bats (D:1)
  2 giant cockroaches (D:1)
  3 goblins (D:1)
  4 hobgoblins (D:1)
  A ball python (D:1)
  3 frilled lizards (D:1)
  2 kobolds (D:1)
  3 rats (D:1)
24 creatures vanquished.

Vanquished Creatures (others)
  A plant (D:1)
1 creature vanquished.

Grand Total: 25 creatures vanquished

Notes
Turn   | Place    | Note
-------+----------+-------------------------------------------
     0 | D:1      | Esekla the Spriggan Artificer began the quest for the Orb.
     0 | D:1      | Reached XP level 1. HP: 9/9 MP: 4/4
    63 | D:1      | Found a basalt altar of Yredelemnul.
   166 | D:1      | Reached XP level 2. HP: 8/14 MP: 6/6
   424 | D:1      | Reached skill level 5 in Evocations
   732 | D:1      | Reached XP level 3. HP: 17/17 MP: 7/7
   978 | D:2      | Slain by a quokka

Levels and vault maps discovered:
D:1:      dpeg_arrival_erosion, layout_basic, serial_bayou_pond_d,
          kennysheep_flooded_box, minmay_misc_feat_square
D:2:      layout_basic, lemuel_crystal_altar, grunt_temple_overflow_open,
          minmay_goblin_outpost

Skill      XL: |  1  2 |
---------------+-------+-----
Evocations     | 5 |  5.3
Fighting       | |  0.7
Short Blades   | |  1.5
Dodging        | |  3.2
Stealth        | |  1.7

Action                   || total
-------------------------++-------
Melee: Short sword       ||    72
       Dagger            ||    34
  Use: Scroll            ||     2
 Stab: Sleeping          ||     4
Armor: Robe              ||     8
Dodge: Dodged            ||    70

Table legend:
 A = Non-vault XP
 B = Vault XP
 C = Vault XP percentage of total XP
 D = Non-vault monster count
 E = Vault monster count
 F = Vault count percentage of total count
                 A         B        C        D         E       F
            +---------+---------+-------+---------+---------+-------
      Total |      47 |       0 |   0.0 |      24 |       0 |   0.0
            +---------+---------+-------+---------+---------+-------
        D:1 |      47 |       0 |   0.0 |      24 |       0 |   0.0
            +---------+---------+-------+---------+---------+-------
